 Dungeon Crawl Stone Soup version 0.29-a0-119-g4040846114 (webtiles) character file.

Game seed: 16104057593886569363

11 ZeroWinrate the Sneak (level 2, -1/23 HPs)
             Began as a Gnoll Wanderer on Feb 20, 2022.
             Slain by a jackal (2 damage)
             ... on level 1 of the Dungeon.
             The game lasted 00:00:48 (125 turns).

ZeroWinrate the Sneak (Gnoll Wanderer)               Turns: 125, Time: 00:00:49

Health: -1/23      AC:  3    Str: 10    XL:     2   Next: 25%
Magic:  2/2        EV: 11    Int: 10    God:
Gold:   0          SH:  0    Dex: 13    Spells: 1/1 levels left

rFire   . . .      SeeInvis .   a - +2 shortbow
rCold   . . .      Faith    .   (shield currently unavailable)
rNeg    . . .      Spirit   .   e - +0 robe
rPois   .          Reflect  .   (no helmet)
rElec   .          Harm     .   (no cloak)
rCorr   .          Rampage  .   d - +0 pair of gloves
Will    .....                   (no boots)
Stlth   ++++......              (no amulet)
HPRegen 0.07/turn               (no ring)
MPRegen 0.08/turn               (no ring)

@: no status effects
A: fangs 1, strong nose, distributed training
a: no special abilities


You were on level 1 of the Dungeon.
You visited 1 branch of the dungeon, and saw 1 of its levels.

Inventory:

Hand Weapons
 a - a +2 shortbow (weapon)
 c - a +0 mace
Missiles
 b - 7 arrows (quivered ammo)
Armour
 d - a +0 pair of gloves (worn)
 e - a +0 robe (worn)
Scrolls
 g - a scroll of amnesia
 h - a scroll of torment {unknown}
 i - a scroll of fear {unknown}


   Skills:
 + Level 2.4 Fighting
 + Level 0.3 Short Blades
 + Level 0.3 Long Blades
 + Level 0.3 Axes
 + Level 2.4 Maces & Flails
 + Level 0.3 Polearms
 + Level 0.3 Staves
 + Level 0.3 Slings
 + Level 4.4 Bows
 + Level 0.3 Crossbows
 + Level 2.4 Throwing
 + Level 0.3 Armour
 + Level 0.3 Dodging
 + Level 7.7 Stealth
 + Level 0.3 Shields
 + Level 0.3 Unarmed Combat
 + Level 0.3 Spellcasting
 + Level 0.2 Conjurations
 + Level 0.2 Hexes
 + Level 0.2 Summonings
 + Level 0.2 Necromancy
 + Level 0.2 Translocations
 + Level 0.2 Transmutations
 + Level 0.2 Fire Magic
 + Level 0.2 Ice Magic
 + Level 0.2 Air Magic
 + Level 0.2 Earth Magic
 + Level 0.2 Poison Magic
 + Level 0.4 Invocations
 + Level 2.4 Evocations


You had one spell level left.
You didn't know any spells.
Your spell library was empty.

Dungeon Overview and Level Annotations

Branches:
Dungeon (1/15)

Altars:


Innate Abilities, Weirdness & Mutations

You have very sharp teeth.
Your uncanny sense of smell can sniff out nearby items.
Your experience applies equally to all skills.


Message History

The jackal barely misses you. The jackal bites you.
* * * LOW HITPOINT WARNING * * *
You see here a ball python corpse.
You aren't carrying any potions.
As you read the scroll labelled DAOGET JUVO, it crumbles to dust.
It is a scroll of identify.
g - a scroll of amnesia The jackal bites you.
* * * LOW HITPOINT WARNING * * *
The jackal barely misses you.
Fire: 11 arrows
Press: ? - help, Q - select action Shift-Dir - straight line, f/p - jackal
Aim: a jackal (56% to hit)
You shoot an arrow. The arrow hits the jackal.
The jackal is severely wounded.
The jackal bites you but does no damage.
Fire: 10 arrows
Press: ? - help, Q - select action Shift-Dir - straight line, f/p - jackal
Aim: a jackal (56% to hit)
You shoot an arrow. The arrow barely misses the jackal.
The arrow closely misses the jackal.
The jackal bites you.
* * * LOW HITPOINT WARNING * * *
The jackal misses you.
Unknown command.
Fire: 9 arrows
Press: ? - help, Q - select action Shift-Dir - straight line, f/p - jackal
Aim: a jackal (56% to hit)
You shoot an arrow. The arrow barely misses the jackal.
The arrow hits the jackal!
You kill the jackal!
The jackal misses you.
Unknown command.
Fire: 8 arrows
Press: ? - help, Q - select action Shift-Dir - straight line, f - jackal
Aim: a jackal (severely wounded, 56% to hit)
You shoot an arrow. The arrow barely misses the jackal.
The jackal bites you.
You die...

.....
#...........####
?...
#..............#
...
#..............# ..
#..............# .
#.........h....###
############†....#
#(....#.# #h#.#.#.#
#@#.#.# #
########.#.#.#
#..........#.#
#..........#.# #
#..........#.#.#.#
#.........#......#
#######........#..#
#............
#..#.#####.##


You could see a jackal.

Vanquished Creatures
  A dart slug (D:1)
  A ball python (D:1)
  3 jackals (D:1)
  A quokka (D:1)
  A kobold (D:1)
  A rat (D:1)
8 creatures vanquished.

Notes
Turn   | Place    | Note
-------+----------+-------------------------------------------
     0 | D:1      | ZeroWinrate the Gnoll Wanderer began the quest for the Orb.
     0 | D:1      | ZeroWinrate set off with the following items: a +2
                  | shortbow, 25 arrows, a +0 mace, a +0 pair of gloves, a +0
                  | robe
     0 | D:1      | Reached XP level 1. HP: 17/17 MP: 1/1
    76 | D:1      | Found a faded altar of an unknown god.
    77 | D:1      | Noticed a golden eye
    96 | D:1      | Reached XP level 2. HP: 23/23 MP: 2/2
   123 | D:1      | HP: 1/23 [jackal (2)]
   125 | D:1      | Slain by a jackal

Illustrated notes

Levels and vault maps discovered:
D:1:      evilmike_arrival_hilbert_curve, layout_basic,
          hellmonk_ecumenical_altar_watching_god

Action                   || total
-------------------------++-------
 Fire: Shortbow          ||    29
  Use: Scroll            ||     1
Armor: Robe              ||    11
Dodge: Dodged            ||    12

Table legend: (Time is in decaauts)
 A = Elapsed time spent in this place.
 B = Non-inter-level travel time spent in this place.
 C = Inter-level travel time spent in this place.
 D = Time resting spent in this place.
 E = Time spent auto-exploring this place.
 F = Levels seen in this place.
 G = Mean time per level.
                   A        B        C        D        E       F      G
               +--------+--------+--------+--------+--------+-----+--------+
         Total |    127 |    127 |      0 |      0 |     65 |   1 |  127.0 |
       Dungeon |    127 |    127 |      0 |      0 |     65 |   1 |  127.0 |
               +--------+--------+--------+--------+--------+-----+--------+

Top non-repeatable levels by time:
     D:1: 127 daAuts
